 Dungeon Crawl Stone Soup version 0.31.0-11-ge490571c62 (webtiles) character file.

Game seed: 14249959523942353564

8354 Curundu the Cleaver (level 11, -66/153 HPs)
             Began as a Minotaur Berserker on Feb 7, 2024.
             Was an Elder of Trog.
             Annihilated by a titanic slime creature (80 damage)
             ... in an ice cave.
             The game lasted 00:24:16 (9121 turns).

Curundu the Cleaver (Minotaur Berserker)            Turns: 9121, Time: 00:24:17

Health: -66/153    AC: 15    Str: 26    XL:     11   Next: 8%
Magic:  10/10      EV:  9    Int:  4    God:    Trog [****..]
Gold:   688        SH:  0    Dex: 10    Spells: 10/10 levels left

rFire   . . .        b - +1 broad axe (spect)
rCold   . . .        (no shield)
rNeg    . . .        o - +0 plate armour
rPois   .            (helmet restricted)
rElec   .            (no cloak)
rCorr   +            (no gloves)
SInv    .            (no boots)
Will    +....        D - amulet of regeneration Stlth
                     z - ring of resist corrosion
HPRegen 1.25/turn    s - ring of willpower
MPRegen 0.12/turn

%: no passive effects
@: berserking, very quick
A: horns 2, retaliatory headbutt
a: Renounce Religion, Berserk, Trog's Hand, Brothers in Arms


You were in an ice cave.
You worshipped Trog.
Trog was greatly pleased with you.
You visited 1 branch of the dungeon, and saw 11 of its levels.
You also visited: Ice Cave.

You collected 688 gold pieces.

Inventory:

Hand Weapons
 b - a +1 spectral broad axe (weapon)
 x - a +3 battleaxe
Missiles
 h - 10 boomerangs
 l - a throwing net (quivered)
Armour
 o - a +0 plate armour (worn)
Jewellery
 s - a ring of willpower (right hand)
 z - a ring of resist corrosion (left hand)
 D - an amulet of regeneration (around neck)
Wands
 i - a wand of roots (12)
 r - a wand of polymorph (19)
Scrolls
 a - a scroll of teleportation
 d - a scroll of immolation
 f - a scroll of vulnerability
 j - 5 scrolls of poison
 n - 3 scrolls of identify
 v - a scroll of fog
Potions
 c - 6 potions of curing
 e - a potion of heal wounds
 g - 3 potions of haste
 k - 2 potions of enlightenment
 m - a potion of berserk rage
 p - a potion of magic
 t - 4 potions of mutation
 w - a potion of lignification


   Skills:
 + Level 11.1 Fighting
 + Level 12.1 Axes
 - Level 1.2 Staves
 + Level 11.4 Armour
 + Level 5.1 Dodging
 + Level 3.7 Stealth


You had 10 spell levels left.
You didn't know any spells.
Your spell library was empty.

Dungeon Overview and Level Annotations

Branches:
Dungeon (11/15)            Temple (0/1) D:4            Lair (0/5) D:10
  IceCv (1/1)
    Orc: D:9-12

Altars:
Ashenzari
Cheibriados
Dithmenos
Elyvilon
Fedhas
Gozag
Nemelex Xobeh
Okawaru
Sif Muna
Uskayaw
Vehumet
Yredelemnul
The Shining One

Shops:
D:2 ?

Annotations:
D:11 4 transporters, Nergalle


Innate Abilities, Weirdness & Mutations

You have a pair of horns on your head.
You reflexively headbutt those who attack you in melee.


Message History

The slime creature quivers.
A slime creature comes into view.
You hit the slime creature but do no damage.
You headbutt the slime creature.
The slime creature is lightly wounded.
Your +1 spectral broad axe hits the slime creature.
Your +1 spectral broad axe hits the slime creature!
The slime creature hits you.
The slime creature misses your +1 spectral broad axe.
Your +1 spectral broad axe disappears.
The slime creature attacks as it pursues you!
The slime creature closely misses you.
The slime creature attacks as it pursues you!
The slime creature hits you!
The slime creature attacks as it pursues you!
The slime creature hits you! The slime creature barely misses you.
Two slime creatures merge to form a large slime creature.
Two slime creatures merge to form a very large slime creature.
Two slime creatures merge to form an enormous slime creature.
Two slime creatures merge to form a titanic slime creature.
Two slime creatures merge to form a titanic slime creature.
You slash the titanic slime creature!
You headbutt the titanic slime creature.
The titanic slime creature is lightly wounded.
The titanic slime creature hits you!!!
Ouch! That really hurt!
You slash the titanic slime creature!
You headbutt the titanic slime creature!
The titanic slime creature is lightly wounded.
The titanic slime creature hits you but does no damage.
You barely miss the titanic slime creature.
You punch the titanic slime creature.
The titanic slime creature is lightly wounded.
The titanic slime creature hits you!!
* * * LOW HITPOINT WARNING * * *
A red film seems to cover your vision as you go berserk!
You feel yourself moving faster!
You feel mighty! The titanic slime creature hits you!!!!
Ouch! That really hurt!
You die...

#.....# ##.....#
## ###...# ...##
####....#
.....#####..JJ.###
#.........####
####...#### ##J##
##@## ##...##
#..∩..# ##.∩.##
#####


You could see a titanic slime creature.

Vanquished Creatures
  A two-headed ogre (D:10)
  2 rime drakes (D:11)
  A gargoyle (D:11)
  Maggie (D:9)
  A komodo dragon (D:10)
  Psyche (D:10)
  2 trolls (D:10)
  A wraith (D:11)
  2 vampires
  6 yaks (D:10)
  A steam dragon (D:8)
  2 acid dragons
  3 water moccasins
  A great orb of eyes simulacrum (IceCv)
  3 ice beasts (D:5)
  A black bear (D:7)
  2 orc warriors
  A sky beast (D:8)
  2 ogres
  6 centaurs
  A phantom (D:5)
  2 kobold brigands (D:9)
  2 bullfrogs
  A glowing shapeshifter simulacrum (IceCv)
  3 scorpions
  9 wights
  5 killer bees (D:9)
  A howler monkey (D:5)
  A lava snake (D:7)
  2 bombardier beetles
  7 hounds
  4 orc priests
  A gnoll bouda (D:5)
  A jelly (D:6)
  An iguana (D:6)
  A sleepcap (D:7)
  9 orc wizards
  A shapeshifter simulacrum (IceCv)
  8 gnolls
  7 adders
  2 shadow imps
  A white imp (D:7)
  2 ufetubi (D:6)
  2 dart slugs
  A ribbon worm (D:2)
  33 orcs
  4 endoplasms
  3 giant cockroaches
  9 goblins
  6 hobgoblins
  3 jackals (D:1)
  4 quokkas
  6 ball pythons
  4 bats
  15 kobolds
  6 rats
208 creatures vanquished.

Vanquished Creatures (others)
  An orc priest (D:9)
  A spectral weapon (IceCv)
2 creatures vanquished.

Grand Total: 210 creatures vanquished

Notes
Turn   | Place    | Note
-------+----------+-------------------------------------------
     0 | D:1      | Curundu the Minotaur Berserker began the quest for the Orb.
     0 | D:1      | Reached XP level 1. HP: 19/19 MP: 0/0
   258 | D:1      | Reached skill level 4 in Axes
   258 | D:1      | Reached XP level 2. HP: 19/27 MP: 1/1
   763 | D:2      | Reached XP level 3. HP: 20/33 MP: 2/2
   826 | D:2      | Found Uhosown's Magic Scroll Emporium.
  1459 | D:2      | Reached ** piety under Trog
  2018 | D:3      | Reached XP level 4. HP: 27/41 MP: 3/3
  2024 | D:3      | Reached skill level 1 in Stealth
  2029 | D:3      | HP: 2/61 [ball python (2)]
  2284 | D:3      | Identified the +0 ring mail of the Ant {Slay+2}
  2382 | D:3      | Found a white marble altar of Elyvilon.
  2471 | D:3      | Found a basalt altar of Yredelemnul.
  2957 | D:4      | Found a snail-covered altar of Cheibriados.
  2980 | D:4      | Reached skill level 5 in Axes
  2980 | D:4      | Reached skill level 1 in Staves
  2980 | D:4      | Reached XP level 5. HP: 47/47 MP: 4/4
  3000 | D:4      | Reached skill level 5 in Fighting
  3026 | D:4      | Found an iron altar of Okawaru.
  3168 | D:4      | Reached XP level 6. HP: 48/56 MP: 5/5
  3350 | D:4      | Found a broken altar of Ashenzari.
  3410 | D:4      | Found a staircase to the Ecumenical Temple.
  3464 | D:4      | Found a glowing golden altar of the Shining One.
  3621 | D:5      | Entered Level 5 of the Dungeon
  3630 | D:5      | Reached *** piety under Trog
  3700 | D:5      | Noticed an ice beast
  3710 | D:5      | Reached XP level 7. HP: 46/63 MP: 6/6
  4151 | D:5      | Reached skill level 5 in Armour
  4213 | D:5      | Found a sparkling altar of Nemelex Xobeh.
  4241 | D:5      | Reached XP level 8. HP: 73/73 MP: 7/7
  4708 | D:6      | Identified the +9 spear "Punoci" {venom, ^Drain rElec MP+9}
  4984 | D:6      | Found a shimmering blue altar of Sif Muna.
  5133 | D:7      | Reached skill level 6 in Axes
  5151 | D:7      | Reached XP level 9. HP: 61/82 MP: 8/8
  5403 | D:7      | Identified the +0 ring mail of the Jolly Underlurkers {rF-
                  | rC+++ Will- SInv}
  5464 | D:7      | Found a shadowy altar of Dithmenos.
  5486 | D:7      | Reached skill level 7 in Axes
  5802 | D:7      | Found a hide-covered altar of Uskayaw.
  5975 | D:8      | Reached skill level 8 in Axes
  6225 | D:8      | Reached **** piety under Trog
  6292 | D:8      | Reached skill level 9 in Axes
  6360 | D:8      | Found a flagged portal.
  6878 | D:9      | Found a radiant altar of Vehumet.
  6913 | D:9      | Noticed Maggie
  6928 | D:9      | Killed Maggie
  6984 | D:9      | Reached XP level 10. HP: 79/93 MP: 9/9
  7005 | D:9      | Found a blossoming altar of Fedhas.
  7074 | D:9      | Reached skill level 10 in Armour
  7513 | D:9      | Reached skill level 10 in Axes
  7529 | D:9      | Found an opulent altar of Gozag.
  7567 | D:10     | Entered Level 10 of the Dungeon
  7643 | D:10     | Found a staircase to the Lair.
  7724 | D:10     | Reached skill level 10 in Fighting
  7786 | D:10     | HP: 5/139 [troll (10)]
  7895 | D:10     | Noticed Psyche
  7904 | D:10     | Killed Psyche
  8016 | D:10     | Reached skill level 11 in Axes
  8027 | D:10     | Reached skill level 5 in Dodging
  8084 | D:10     | Noticed a two-headed ogre
  8095 | D:10     | Killed a two-headed ogre
  8651 | D:11     | Found a transporter.
  8652 | D:11     | Found a transporter.
  8696 | D:11     | Noticed Nergalle
  8698 | D:11     | Found a transporter.
  8698 | D:11     | Found a transporter.
  8743 | D:11     | Noticed a gargoyle
  8750 | D:11     | Killed a gargoyle
  8846 | D:11     | Found a frozen archway.
  8858 | D:11     | Reached skill level 12 in Axes
  8858 | D:11     | Reached XP level 11. HP: 56/102 MP: 10/10
  8907 | IceCv    | Entered an ice cave
  9121 | IceCv    | Annihilated by a titanic slime creature

Illustrated notes

Levels and vault maps discovered:
D:1:      minmay_arrival_hallway, layout_basic, kennysheep_nondescript,
          serial_park_tiny_2
D:2:      layout_basic, serial_shops, shop_fountains, amcnicky_mini_pool_small
D:3:      layout_loops_corners, kennysheep_ying_yang, serial_bayou_lagoon_b
D:4:      layout_rooms, nicolae_tso_swordbearing_angel,
          nicolae_ashenzari_skybound, slow_altar_1, overflow_temple_1_default,
          minmay_temple_entry_grid, minmay_misc_feat_iff
D:5:      layout_rooms, nemelex_xobeh_ov_fountains_minmay
D:6:      layout_cave_pools, general_overflow_altar, grunt_ministairs_10
D:7:      layout_loops_ring, grunt_dithmenos_smoke_and_mirrors,
          nicolae_uskayaw_suspiria
D:8:      layout_basic, enter_bailey_5
D:9:      layout_basic, mainiacjoe_overflow_catwalk, fiery_altar_vehumet,
          kennysheep_mini, uniq_maggie
D:10:     layout_basic, lair_entry_dummy, uniq_psyche
D:11:     layout_loops_ring, zombieorc1_lemuel, portal_ice_cave_rime,
          minivault_25_ag, nicolae_diode_quadrants, uniq_nergalle
IceCv:    ice_cave_hellmonk_azure_passage

Skill      XL: |  1  2  3  4  5  6  7  8  9 10 |
---------------+-------------------------------+-----
Axes           | 4 5 6 9 12 | 12.1
Fighting       | 4 5 6 7 8 9 11 | 11.1
Stealth        | 1 2 3 |  3.7
Staves         | 1 |  1.2
Dodging        | 3 4 5 |  5.1
Armour         | 3 5 8 9 11 | 11.4

Action                     |  1- 3 |  4- 6 |  7- 9 | 10-12 || total
---------------------------+-------+-------+-------+-------++-------
  Melee: Hand axe          |    72 |       |       |       ||    72
         Headbutt          |    17 |     6 |    34 |    20 ||    77
         Punch             |     1 |       |       |     1 ||     2
         Quarterstaff      |     5 |    68 |    47 |       ||   120
         War axe           |     3 |       |       |       ||     3
         Battleaxe         |       |       |   127 |    86 ||   213
         Broad axe         |       |       |       |    31 ||    31
 Invoke: Berserk           |       |     1 |     3 |     3 ||     7
         Trog's Hand       |       |     1 |     6 |     4 ||    11
    Use: Scroll            |     6 |     2 |    14 |     5 ||    27
   Stab: Sleeping          |     2 |       |       |       ||     2
 Armour: Animal skin       |    58 |    25 |       |       ||    83
         Plate armour      |       |    44 |   263 |   136 ||   443
  Dodge: Dodged            |    60 |    43 |   125 |    62 ||   290
